 Dungeon Sprint DCSS version 0.21.2 (webtiles) character file.

10 sanboga the Skirmisher (level 2, -7/30 HPs)
             Began as a Gargoyle Berserker on Dec 19, 2018.
             Was a Believer of Trog.
             Mangled by a merfolk siren
             ... wielding a +0 spear
              (9 damage)
             ... in the Dungeon (Sprint II: "The Violet Keep of Menkaure").
             The game lasted 00:00:20 (482 turns).

sanboga the Skirmisher (Gargoyle Berserker)          Turns: 482, Time: 00:00:21

Health: -7/30      AC:  5    Str: 25    XL:     2   Next: 20%
Magic:  2/2        EV: 12    Int:  7    God:    Trog [**....]
Gold:   243        SH:  0    Dex:  9    Spells: 1/1 levels left

rFire    . . .     SeeInvis .   a - +0 hand axe
rCold    . . .     Gourm    .   (no shield)
rNeg     + . .     Faith    .   b - +0 animal skin
rPois    ∞         Spirit   .   (no helmet)
rElec    +         Reflect  .   (no cloak)
rCorr    .         Harm     .   (no gloves)
MR       .....     NoTele   +   (no boots)
Stlth    ..........             (no amulet)
HPRegen  0.10/turn              (no ring)
MPRegen  0.08/turn              (no ring)

@: berserking (expiring), very quick
A: negative energy resistance 1, electricity resistance, unbreathing,
petrification resistance, rot immunity, AC +2
a: Berserk, Trog's Hand, Burn Spellbooks, Renounce Religion


You were in the Dungeon.
You worshipped Trog.
Trog was pleased with you.
You were not hungry.

You visited 1 branch You collected 243 gold pieces.

Inventory:

Hand Weapons
 a - a +0 hand axe (weapon)
Armour
 b - a +0 animal skin (worn)
Scrolls
 i - a scroll of blinking
Potions
 d - a potion of curing
 e - a potion of heal wounds
 f - a potion of haste
 g - 2 potions of magic
 h - a potion of berserk rage
Comestibles
 c - a ration


   Skills:
 + Level 4.0 Fighting
 * Level 3.8 Axes
 + Level 3.1 Armour
 - Level 1.5 Dodging


You had one spell level left.
You didn't know any spells.

Dungeon Overview and Level Annotations

Branches:
Dungeon (1/1)

Altars:

Shops:
D %!=:![(*


Innate Abilities, Weirdness & Mutations

You are resistant to torment.
Your stone body is resilient. (AC +2)
You are immune to poison.
You resist negative energy. (rN+)
You are resistant to electric shocks. (rElec)
You can survive without breathing.
You are immune to petrification.
You are immune to rotting.


Message History

You open the door.
A merfolk siren comes into view. It is wielding a spear.
The merfolk siren shouts!
Found 243 gold pieces.
A red film seems to cover your vision as you go berserk!
You feel yourself moving faster!
You feel mighty!
You feel a lot more hungry.
The merfolk siren hits you but does no damage.
You feel a strong urge to attack something.
The merfolk siren hits you with a spear!
There is an open door here.
You closely miss the merfolk siren.
The merfolk siren hits you with a spear.
You closely miss the merfolk siren. The merfolk siren barely misses you.
You closely miss the merfolk siren. You closely miss the merfolk siren.
The merfolk siren hits you with a spear!
* * * LOW HITPOINT WARNING * * *
You closely miss the merfolk siren.
The merfolk siren hits you with a spear!
You die...

######≈ .....#≈
## ## ∩....#≈
##. .## .∩...#≈
#..#..# ∩.∩..#≈
###.m.#
.∩.⌠.#≈##†# #@#
∩.∩..#≈#.####.##
+≈+##.'.<.+
∩....#≈#...##.##
▓▓▓###≈##.###+#
######≈ ### ##


You could see a merfolk siren.

Vanquished Creatures
  3 worms (D)
3 creatures vanquished.

Vanquished Creatures (others)
  Menkaure (D)
  A crocodile (D)
2 creatures vanquished.

Grand Total: 5 creatures vanquished

Notes
Turn   | Place    | Note
-------+----------+-------------------------------------------
     0 | D        | sanboga the Gargoyle Berserker began the quest for the Orb.
     0 | D        | Reached XP level 1. HP: 14/14 MP: 1/1
     9 | D        | Reached XP level 2. HP: 20/20 MP: 2/2
    13 | D        | Killed Menkaure
    38 | D        | Killed a crocodile
   142 | D        | Found Vilitef's Antique Armour Boutique.
   142 | D        | Found Sounkuth's Antique Weapon Boutique.
   142 | D        | Found Kuufonoj's Distillery.
   143 | D        | Found Cuoxezin's General Store.
   143 | D        | Found Opuirr's Book Shop.
   143 | D        | Found Deaclal's Jewellery Boutique.
   143 | D        | Found Fasu's Distillery.
   143 | D        | Found Efil's Food Boutique.
   155 | D        | HP: 1/20 [worm (4)]
   156 | D        | Reached ** piety under Trog
   156 | D        | Reached skill level 4 in Fighting
   475 | D        | Noticed a merfolk siren
   482 | D        | Mangled by a merfolk siren

Skill      XL: |  1  2 |
---------------+-------+-----
Axes           | 3 |  3.8
Armour         | 3 |  3.1
Fighting       | 4 |  4.0
Dodging        | |  1.5

Action                   || total
-------------------------++-------
Melee: Hand axe          ||    21
Invok: Berserk           ||     2
Armor: Animal skin       ||     2
Dodge: Dodged            ||     6
